[Event "Croatian junior league 2021"]
[Site "Rabac"]
[Date "2021.04.09"]
[Round "8.12"]
[White "Veverec, Ivo"]
[Black "Denic, Marin"]
[Result "0-1"]
[ECO "C50"]
[WhiteElo "1786"]
[BlackElo "1914"]
[Annotator "NA"]
[PlyCount "142"]
[EventDate "2021.04.06"]
[EventType "swiss"]
[EventCountry "CRO"]
[SourceTitle "playchess.com"]
[Source "ChessBase"]
[SourceQuality "1"]
[TimeControl "5400+30"]

1. e4 e5 2. Nf3 Nc6 3. Bc4 Bc5 4. O-O Nf6 5. d3 O-O 6. Be3 Bxe3 7. fxe3 d5 8. exd5 Nxd5 9. Qd2 Be6 10. e4 Nf4 11. Bxe6 Nxe6 12. Nc3 f6 13. Nd5 Ncd4 14. b4 c6 15. Ne3 Qb6 16. Kh1 Rad8 17. a3 Nxf3 18. Rxf3 Ng5 19. Rff1 Nxe4 20. Qe1 Ng5 21. h4 Ne6 22. Qg3 Qc7 23. Rae1 Qd7 24. Ng4 Kh8 25. Rf2 a5 26. Ref1 Nf4 27. Qf3 Qd5 28. Qe3 h5 29. Nh2 axb4 30. axb4 b5 31. Nf3 Ra8 32. Kh2 Qd7 33. d4 Nd5 34. Qe4 Qg4 35. Qxg4 hxg4 36. Nxe5 Rfe8 37. Nxc6 Ra6 38. Na5 Nxb4 39. Nb3 Ra3 40. Rf5 Rb8 41. Rc1 Nxc2 42. Rxc2 Rxb3 43. d5 Rd3 44. Rb2 b4 45. Rf4 b3 46. Rxg4 Rxd5 47. Rg3 Rdb5 48. Re3 Kh7 49. Kg3 Kg6 50. Kf3 Rb4 51. g4 R8b6 52. Kg3 f5 53. gxf5+ Kxf5 54. Rf2+ Kg6 55. Rb2 R6b5 56. Rf3 Kh5 57. Re3 Rg4+ 58. Kf2 Rf5+ 59. Ke1 Rg1+ 60. Kd2 Rg2+ 61. Kc3 Rc5+ 62. Kb4 Rxb2 63. Kxc5 Rc2+ 64. Kd4 b2 65. Rb3 Kxh4 66. Kd3 Rg2 67. Ke4 g5 68. Kf5 Rf2+ 69. Ke4 g4 70. Rb6 Kg3 71. Rb3+ Kg2 0-1

[Event "Croatian junior league 2021"]
[Site "Rabac"]
[Date "2021.04.09"]
[Round "8.13"]
[White "Ghersinich, Enrico"]
[Black "Begic, Domagoj"]
[Result "0-1"]
[ECO "B01"]
[WhiteElo "2186"]
[BlackElo "1706"]
[Annotator "NA"]
[PlyCount "174"]
[EventDate "2021.04.06"]
[EventType "swiss"]
[EventCountry "CRO"]
[SourceTitle "playchess.com"]
[Source "ChessBase"]
[SourceQuality "1"]
[TimeControl "5400+30"]

1. e4 d5 2. exd5 Qxd5 3. Nc3 Qa5 4. d4 c6 5. Bc4 Nf6 6. Nf3 Bf5 7. O-O e6 8. Re1 Be7 9. Bf4 O-O 10. Bb3 Nbd7 11. Ne2 Rfe8 12. Ng3 Bg6 13. Qe2 Nd5 14. Bd2 Qd8 15. Rad1 Bf6 16. c4 Ne7 17. Bc3 Nf5 18. Ne4 Qc7 19. g4 Nd6 20. Nxf6+ Nxf6 21. Ne5 Nd7 22. h4 h6 23. Nxg6 fxg6 24. Qd3 Nf8 25. d5 exd5 26. cxd5 c5 27. Qg3 b5 28. Be5 Rad8 29. Kh2 Qd7 30. a4 a6 31. axb5 axb5 32. Ra1 c4 33. Bc2 Nf7 34. Bc7 Rxe1 35. Rxe1 Re8 36. Rxe8 Qxe8 37. d6 Qe6 38. Qf4 Ne5 39. Kg3 Nfd7 40. h5 gxh5 41. Bf5 Qd5 42. gxh5 Nf6 43. Qe3 Nxh5+ 44. Kh2 Nf3+ 45. Kg2 Nh4+ 46. Kh3 Qh1+ 47. Kg4 Nf6+ 48. Kf4 Nd5+ 49. Ke5 Nxe3 50. Be6+ Kh7 51. d7 Qc6 52. Bg8+ Kxg8 53. d8=Q+ Kh7 54. fxe3 Ng6+ 55. Kd4 b4 56. Qd6 Qxd6+ 57. Bxd6 c3 58. bxc3 bxc3 59. Kxc3 Kg8 60. Kd4 Kf7 61. Ke4 Ke6 62. Bb4 Ne7 63. Kf3 g6 64. Bc5 Nd5 65. Ba7 Nf6 66. Bb6 Kf5 67. Bc7 Ne4 68. Ba5 g5 69. Be1 h5 70. Ba5 g4+ 71. Kg2 Ke5 72. Bc7+ Kd5 73. Bb6 Kc4 74. Bc7 Kd3 75. Bf4 Ke2 76. Bh6 h4 77. Bf4 h3+ 78. Kh2 Kf3 79. Bc7 Kxe3 80. Bb6+ Kf3 81. Bc7 Nd2 82. Bd6 Nf1+ 83. Kg1 g3 84. Bxg3 Kxg3 85. Kh1 Nd2 86. Kg1 Ne4 87. Kh1 Nf2+ 0-1

[Event "Croatian junior league 2021"]
[Site "Rabac"]
[Date "2021.04.09"]
[Round "8.17"]
[White "Bunic, Emanuel"]
[Black "Jakrlin, Mihael"]
[Result "0-1"]
[ECO "D94"]
[WhiteElo "1839"]
[BlackElo "2106"]
[Annotator "NA"]
[PlyCount "96"]
[EventDate "2021.04.06"]
[EventType "swiss"]
[EventCountry "CRO"]
[SourceTitle "playchess.com"]
[Source "ChessBase"]
[SourceQuality "1"]
[TimeControl "5400+30"]

1. d4 d5 2. c4 c6 3. Nc3 Nf6 4. e3 g6 5. Nf3 Bg7 6. Bd3 O-O 7. O-O Nbd7 8. b3 Re8 9. Ne5 Nxe5 10. dxe5 Ne4 11. Nxe4 Bxe5 12. Rb1 dxe4 13. Bxe4 Qa5 14. Qc2 Rd8 15. b4 Qc7 16. h3 Rb8 17. f4 Bg7 18. Bb2 c5 19. Bxg7 Kxg7 20. Qc3+ f6 21. b5 Be6 22. Rb2 Rd6 23. Rbf2 Bf7 24. Bc2 Rbd8 25. g4 Qd7 26. a4 Qe6 27. Rc1 b6 28. Bb1 Rd1+ 29. Rf1 Rxf1+ 30. Kxf1 Qxc4+ 31. Qxc4 Bxc4+ 32. Rxc4 Rd1+ 33. Kf2 Rxb1 34. Kf3 Kf7 35. f5 e6 36. fxe6+ Kxe6 37. Re4+ Kf7 38. Rc4 Rb4 39. Rxb4 cxb4 40. Ke4 Ke6 41. Kd4 b3 42. Kc3 Ke5 43. Kxb3 Ke4 44. Kc4 f5 45. a5 fxg4 46. hxg4 h5 47. axb6 axb6 48. gxh5 gxh5 0-1

[Event "Croatian junior league 2021"]
[Site "Rabac"]
[Date "2021.04.09"]
[Round "8.18"]
[White "Troselj, Ivan"]
[Black "Zadro, Matej"]
[Result "1/2-1/2"]
[ECO "C26"]
[WhiteElo "1962"]
[BlackElo "1742"]
[Annotator "NA"]
[PlyCount "53"]
[EventDate "2021.04.06"]
[EventType "swiss"]
[EventCountry "CRO"]
[SourceTitle "playchess.com"]
[Source "ChessBase"]
[SourceQuality "1"]
[TimeControl "5400+30"]

1. e4 e5 2. Nc3 Nf6 3. g3 d5 4. exd5 Nxd5 5. Bg2 Nxc3 6. bxc3 Bc5 7. Ne2 Nc6 8. Rb1 O-O 9. O-O Bb6 10. d3 Bg4 11. h3 Be6 12. c4 Rb8 13. Ba3 Re8 14. Kh2 Nd4 15. c3 Nxe2 16. Qxe2 c6 17. Rb2 Bf5 18. Rd1 Bc7 19. Bc5 b6 20. Bxc6 bxc5 21. Rxb8 Qxb8 22. Bxe8 Qxe8 23. d4 g6 24. d5 Bd6 25. h4 e4 26. Re1 Be5 27. Qe3 1/2-1/2

[Event "Croatian junior league 2021"]
[Site "Rabac"]
[Date "2021.04.09"]
[Round "8.19"]
[White "Horcicka, Jan"]
[Black "Birkic, Josip"]
[Result "1/2-1/2"]
[ECO "B33"]
[WhiteElo "1698"]
[BlackElo "1972"]
[Annotator "NA"]
[PlyCount "74"]
[EventDate "2021.04.06"]
[EventType "swiss"]
[EventCountry "CRO"]
[SourceTitle "playchess.com"]
[Source "ChessBase"]
[SourceQuality "1"]
[TimeControl "5400+30"]

1. e4 c5 2. Nf3 Nc6 3. d4 cxd4 4. Nxd4 Nf6 5. Nc3 e5 6. Ndb5 d6 7. Bg5 a6 8. Na3 b5 9. Nd5 Be7 10. Bxf6 Bxf6 11. c3 O-O 12. Nc2 Bg5 13. a4 Rb8 14. axb5 axb5 15. Nce3 b4 16. Bc4 bxc3 17. bxc3 Bxe3 18. Nxe3 Be6 19. O-O Qc7 20. Qe2 Ne7 21. Rfd1 Rb6 22. Bxe6 fxe6 23. Qc4 Qd7 24. Qa2 Rc6 25. h3 Rfc8 26. Rac1 Ng6 27. Rc2 h6 28. Rcd2 Qf7 29. Rxd6 Rxd6 30. Rxd6 Rxc3 31. Qxe6 Qxe6 32. Rxe6 Kf7 33. Ra6 Ne7 34. Ra7 Rc1+ 35. Kh2 Ke6 36. Ra6+ Rc6 37. Rxc6+ Nxc6 1/2-1/2

[Event "Croatian junior league 2021"]
[Site "Rabac"]
[Date "2021.04.09"]
[Round "8.20"]
[White "Zekic, Patrik"]
[Black "Kostic, Lovro"]
[Result "1/2-1/2"]
[ECO "A42"]
[WhiteElo "1731"]
[BlackElo "1367"]
[Annotator "NA"]
[PlyCount "49"]
[EventDate "2021.04.06"]
[EventType "swiss"]
[EventCountry "CRO"]
[SourceTitle "playchess.com"]
[Source "ChessBase"]
[SourceQuality "1"]
[TimeControl "5400+30"]

1. d4 g6 2. c4 Bg7 3. Nc3 d6 4. e4 Nd7 5. Nf3 e5 6. d5 Ne7 7. Bd3 h6 8. Qc2 Nc5 9. Be3 Nxd3+ 10. Qxd3 f5 11. O-O-O f4 12. Bd2 a5 13. h4 Bd7 14. g3 fxg3 15. fxg3 O-O 16. Rdf1 Qe8 17. Ne1 Rb8 18. Rxf8+ Bxf8 19. Ng2 b5 20. Ne3 Kh7 21. Qe2 bxc4 22. Qxc4 c6 23. dxc6 Nxc6 24. Ned5 Bg7 25. Rf1 1/2-1/2

[Event "Croatian junior league 2021"]
[Site "Rabac"]
[Date "2021.04.09"]
[Round "8.21"]
[White "Colev, Ivor"]
[Black "Kovac, Petar"]
[Result "0-1"]
[ECO "C07"]
[WhiteElo "1847"]
[BlackElo "2089"]
[Annotator "NA"]
[PlyCount "64"]
[EventDate "2021.04.06"]
[EventType "swiss"]
[EventCountry "CRO"]
[SourceTitle "playchess.com"]
[Source "ChessBase"]
[SourceQuality "1"]
[TimeControl "5400+30"]

1. e4 e6 2. d4 d5 3. Nd2 c5 4. exd5 Qxd5 5. dxc5 Qxc5 6. Ngf3 Nf6 7. Bd3 Be7 8. Qe2 Qc7 9. O-O Nbd7 10. Ne4 a6 11. Be3 O-O 12. c3 e5 13. Bg5 Re8 14. Rfe1 g6 15. Rad1 Nxe4 16. Bxe4 Bxg5 17. Nxg5 Nf6 18. h3 Kg7 19. Bc2 e4 20. Bb3 Re7 21. Rd4 Bf5 22. Rc4 Qf4 23. h4 Qxh4 24. Nf3 Qh5 25. Nd2 Ng4 26. Nf1 Rae8 27. Rd4 Qh4 28. g3 Qh3 29. Bd5 Nf6 30. Qe3 Bg4 31. Rxe4 Rxe4 32. Bxe4 Rxe4 0-1

[Event "Croatian junior league 2021"]
[Site "Rabac"]
[Date "2021.04.09"]
[Round "8.22"]
[White "Stjepic, Borna"]
[Black "Perko, Bartol"]
[Result "1/2-1/2"]
[ECO "B18"]
[WhiteElo "1825"]
[BlackElo "1766"]
[Annotator "NA"]
[PlyCount "135"]
[EventDate "2021.04.06"]
[EventType "swiss"]
[EventCountry "CRO"]
[SourceTitle "playchess.com"]
[Source "ChessBase"]
[SourceQuality "1"]
[TimeControl "5400+30"]

1. e4 d5 2. exd5 Qxd5 3. Nc3 Qd8 4. Nf3 Nf6 5. d4 Bf5 6. Bc4 e6 7. O-O Be7 8. Bf4 c6 9. Ne2 Nbd7 10. Ng3 Bg6 11. c3 O-O 12. a4 Nb6 13. Be2 Nbd5 14. Bg5 Qc7 15. Ne5 Rad8 16. Qb3 a5 17. Bf3 Rfe8 18. Rfe1 Nd7 19. Bxe7 Nxe7 20. Nc4 Nd5 21. Ne4 Bxe4 22. Bxe4 N7f6 23. Bf3 g6 24. Ne5 Kg7 25. g3 h5 26. h4 Rh8 27. Kg2 Rde8 28. Nd3 b6 29. Qc4 Rc8 30. Ne5 Rhe8 31. Qe2 Rh8 32. Rac1 Rhe8 33. Rc2 c5 34. Rd2 Rcd8 35. Red1 cxd4 36. Rxd4 Ne7 37. Rc4 Qb8 38. Nc6 Nxc6 39. Rxc6 Rxd1 40. Qxd1 Rd8 41. Qb3 Rd6 42. Qb5 Rxc6 43. Bxc6 Qc7 44. b4 Ng8 45. bxa5 bxa5 46. c4 Ne7 47. Be4 f5 48. Bf3 e5 49. Bd5 f4 50. Be4 fxg3 51. fxg3 Qd6 52. Qxa5 Qd4 53. Bd5 Qe3 54. Qc7 Qe2+ 55. Kh3 Qf1+ 56. Bg2 Qf5+ 57. Kh2 Qe6 58. a5 e4 59. Qb6 Qe5 60. Qe3 Nf5 61. Qf4 Qxa5 62. Qxe4 Qc3 63. Qf4 Ne3 64. Qc7+ Kh6 65. Qf4+ Kg7 66. Be4 Ng4+ 67. Kh3 Qxc4 68. Bg2 1/2-1/2

[Event "Croatian junior league 2021"]
[Site "Rabac"]
[Date "2021.04.09"]
[Round "8.23"]
[White "Poljan, Max"]
[Black "Vukojevic, Toni"]
[Result "1/2-1/2"]
[ECO "A23"]
[WhiteElo "1573"]
[BlackElo "1538"]
[Annotator "NA"]
[PlyCount "76"]
[EventDate "2021.04.06"]
[EventType "swiss"]
[EventCountry "CRO"]
[SourceTitle "playchess.com"]
[Source "ChessBase"]
[SourceQuality "1"]
[TimeControl "5400+30"]

1. c4 e5 2. g3 Nf6 3. Bg2 c6 4. Nc3 d5 5. cxd5 cxd5 6. d4 exd4 7. Qxd4 Nc6 8. Qa4 Bb4 9. a3 Bxc3+ 10. bxc3 Qa5 11. Qxa5 Nxa5 12. Bg5 Be6 13. Bxf6 gxf6 14. e3 Rc8 15. Ne2 Nc4 16. O-O O-O 17. h3 Rc5 18. Rfd1 Ra5 19. Nf4 Nb6 20. g4 Rc8 21. Rd3 Rcc5 22. e4 Kg7 23. Rad1 dxe4 24. Bxe4 f5 25. Nxe6+ fxe6 26. gxf5 exf5 27. Bxb7 Rxa3 28. Rc1 Rc7 29. Bg2 Na4 30. Rg3+ Kf6 31. c4 Rxg3 32. fxg3 Nb2 33. Rc2 Nd1 34. Rc1 Ne3 35. c5 Nxg2 36. Kxg2 Ke5 37. Ra1 Kd5 38. Ra5 Ke4 1/2-1/2

[Event "Croatian junior league 2021"]
[Site "Rabac"]
[Date "2021.04.10"]
[Round "9.5"]
[White "Begic, Domagoj"]
[Black "Bunic, Emanuel"]
[Result "1/2-1/2"]
[ECO "A46"]
[WhiteElo "1706"]
[BlackElo "1839"]
[Annotator "NA RC"]
[PlyCount "87"]
[EventDate "2021.04.06"]
[EventType "swiss"]
[EventCountry "CRO"]
[SourceTitle "playchess.com"]
[Source "ChessBase"]
[SourceQuality "1"]
[TimeControl "5400+30"]

1. d4 Nf6 2. Nf3 e6 3. c3 Be7 4. e3 O-O 5. Bd3 b6 6. O-O Bb7 7. Nbd2 d6 8. Re1 Nbd7 9. Qc2 Re8 10. b3 Bf8 11. Bb2 e5 12. dxe5 dxe5 13. e4 Nc5 14. Bf1 Bd6 15. Rad1 a5 16. a3 (16. b4 $5 Ncd7 17. Nc4 $11) 16... Ne6 (16... Bc6 $11) 17. g3 (17. Bb5 $16) 17... Nf8 (17... Bc6 $11) 18. Nc4 Ng6 19. Nxd6 cxd6 20. Bb5 Rf8 21. a4 Qe7 22. Ba3 Rfd8 23. Nd2 Qe6 24. c4 h5 25. Nf1 Qg4 26. Nd2 ({Not} 26. Rxd6 $2 Rxd6 27. Bxd6 Nxe4 $19) 26... h4 27. f3 Qh5 28. Kg2 (28. Bc1 $11) 28... Bc8 29. Rh1 Qg5 (29... Nh7 $17) 30. Kf2 Nh5 (30... Nh7 $11 {keeps the balance.}) 31. Rdg1 Ra7 32. Bc1 Qf6 33. Bc6 Rc7 $11 34. Bd5 Ne7 35. Qd3 Be6 36. Bxe6 fxe6 37. Nb1 Nc6 38. Nc3 Nd4 39. Ne2 Rf7 40. Nxd4 exd4 41. gxh4 Qxh4+ 42. Ke2 Nf4+ 43. Bxf4 Qxf4 44. Rg4 1/2-1/2

[Event "Croatian junior league 2021"]
[Site "Rabac"]
[Date "2021.04.10"]
[Round "9.19"]
[White "Mijic, Karlo"]
[Black "Poljan, Max"]
[Result "0-1"]
[ECO "B50"]
[WhiteElo "1599"]
[BlackElo "1573"]
[Annotator "NA RC"]
[PlyCount "68"]
[EventDate "2021.04.06"]
[EventType "swiss"]
[EventCountry "CRO"]
[SourceTitle "playchess.com"]
[Source "ChessBase"]
[SourceQuality "1"]
[TimeControl "5400+30"]

1. e4 c5 2. Nf3 e6 3. b3 d6 4. Bb2 Nc6 5. Bb5 Bd7 6. O-O a6 7. Bd3 b5 8. Re1 Qc7 9. Bf1 Nf6 10. g3 Be7 11. Bg2 O-O 12. e5 dxe5 13. Nxe5 Rac8 14. Nxd7 Qxd7 15. Nc3 Rfd8 16. d3 Nd4 17. a4 b4 18. Rc1 bxc3 19. Bxc3 Nd5 20. Ba5 Re8 21. Be4 Bg5 22. f4 Bf6 23. Bd2 Nf5 24. Qf3 Bc3 25. Bxc3 Nxc3 26. Bb7 Rc7 27. Bxa6 Nd4 28. Qg2 Qc6 29. Qxc6 Rxc6 30. Bb7 Rc7 31. Be4 Nde2+ 32. Kf2 Nxc1 33. Rxc1 Nxe4+ 34. dxe4 Rd8 0-1

[Event "Croatian junior league 2021"]
[Site "Rabac"]
[Date "2021.04.10"]
[Round "9.20"]
[White "Hergotic, Mihael"]
[Black "Bedic, Noemi"]
[Result "1-0"]
[ECO "C54"]
[WhiteElo "1476"]
[BlackElo "1587"]
[Annotator "NA RC"]
[PlyCount "127"]
[EventDate "2021.04.06"]
[EventType "swiss"]
[EventCountry "CRO"]
[SourceTitle "playchess.com"]
[Source "ChessBase"]
[SourceQuality "1"]
[TimeControl "5400+30"]

1. e4 e5 2. Nf3 Nc6 3. Bc4 Bc5 4. c3 Nf6 5. d3 d6 6. Bb3 a6 7. Nbd2 Ba7 8. h3 h6 9. Nf1 Ne7 10. g4 g5 11. Ng3 Ng6 12. Nf5 Bxf5 13. gxf5 Nf4 14. Bxf4 gxf4 15. Rg1 Rg8 16. Rxg8+ Nxg8 17. Nh2 Qh4 18. Qf3 Nf6 19. Ke2 Nh7 20. Rg1 Ng5 21. Qg2 Qxf2+ 22. Qxf2 Bxf2 23. Kxf2 Nxh3+ 24. Kg2 Nxg1 25. Kxg1 Ke7 26. Kf2 Kf6 27. d4 h5 28. Nf3 Rh8 29. Nh4 Rh7 30. Bd1 c6 31. Bf3 Kg5 32. Ng2 h4 33. Kg1 h3 34. Ne1 h2+ 35. Kh1 f6 36. Bd1 d5 37. Nf3+ Kg4 38. exd5 e4 39. Nd2+ Kxf5 40. dxc6 bxc6 41. Bc2 Kg4 42. Nxe4 Re7 43. Nxf6+ Kg5 44. Ne4+ Kg4 45. Kxh2 Kf3 46. Kg1 Rg7+ 47. Kf1 Rb7 48. Nd2+ Kg3 49. b3 Rb8 50. Be4 Rc8 51. Ke2 Re8 52. Kd3 Re6 53. a4 Kf2 54. Nc4 Rh6 55. Ne5 Rh3+ 56. Kc4 Ke2 57. Bxc6 Kd2 58. Nf3+ Ke3 59. Ne5 Kd2 60. Bf3 Ke3 61. Bg4 Rh1 62. Kc5 Rh8 63. b4 Rc8+ 64. Bxc8 1-0

[Event "Croatian junior league 2021"]
[Site "Rabac"]
[Date "2021.04.10"]
[Round "9.22"]
[White "Mandaric, Fran"]
[Black "Stjepic, Borna"]
[Result "1/2-1/2"]
[ECO "B50"]
[WhiteElo "1684"]
[BlackElo "1825"]
[Annotator "NA RC"]
[PlyCount "62"]
[EventDate "2021.04.06"]
[EventType "swiss"]
[EventCountry "CRO"]
[SourceTitle "playchess.com"]
[Source "ChessBase"]
[SourceQuality "1"]
[TimeControl "5400+30"]

1. e4 c5 2. Nf3 d6 3. c3 Nf6 4. Bd3 g6 5. Bc2 Bg7 6. O-O O-O 7. d4 Bg4 8. Nbd2 cxd4 9. cxd4 Nc6 10. h3 Bxf3 11. Nxf3 Rc8 12. Re1 Nd7 13. Be3 a5 14. a3 e5 15. Bb3 exd4 16. Nxd4 Nc5 17. Nxc6 Rxc6 (17... bxc6 $11 {remains equal.} 18. Bxc5 dxc5) 18. Bd5 Rb6 (18... Rc7 $14) 19. Bd4 ({White should play} 19. e5 $16) 19... Re8 (19... Bxd4 $11 20. Qxd4 Ne6 21. Bxe6 fxe6) 20. Bxg7 Kxg7 21. Qd4+ Qf6 22. Qxf6+ Kxf6 23. Re3 Kg7 24. b3 f5 25. f3 fxe4 26. fxe4 Rf8 27. Rf1 Rxf1+ $11 28. Kxf1 Kf6 29. Ke2 Ke5 30. g3 Ne6 31. Bxe6 Kxe6 1/2-1/2

[Event "Croatian junior league 2021"]
[Site "Rabac"]
[Date "2021.04.10"]
[Round "9.23"]
[White "Vukojevic, Toni"]
[Black "Juric, Ester"]
[Result "1-0"]
[ECO "B50"]
[WhiteElo "1538"]
[BlackElo "1587"]
[Annotator "NA RC"]
[PlyCount "141"]
[EventDate "2021.04.06"]
[EventType "swiss"]
[EventCountry "CRO"]
[SourceTitle "playchess.com"]
[Source "ChessBase"]
[SourceQuality "1"]
[TimeControl "5400+30"]

1. e4 c5 2. Nf3 d6 3. c3 Nf6 4. Bd3 Nc6 5. Bc2 Bg4 6. h3 Bh5 7. d3 e6 8. Bg5 Be7 9. Bxf6 Bxf6 10. Nbd2 O-O 11. g4 Bg6 12. h4 h6 13. h5 Bh7 14. Qe2 b5 15. Rc1 a5 16. a4 b4 17. Bb3 bxc3 18. bxc3 Rb8 19. O-O Qe7 20. Bc4 Rfc8 21. Bb5 Qc7 22. Qe3 Qd8 23. Rfe1 Kh8 24. Nb3 Na7 25. c4 Nc6 26. Nfd2 e5 27. Bxc6 Rxc6 28. Ra1 Bg5 29. Qf3 Bxd2 30. Nxd2 Rb2 31. Nf1 Kg8 32. Ne3 Rcb6 33. Nd5 R6b3 34. Re2 Rb1+ 35. Rxb1 Rxb1+ 36. Kg2 Qh4 37. Ne3 Qh1+ 38. Kg3 Qxf3+ 39. Kxf3 Rb4 40. Ra2 g6 41. Nd5 Rb3 42. Ke3 Kg7 43. hxg6 fxg6 44. Ne7 Kf6 45. Nc6 Kg5 46. f3 h5 47. gxh5 gxh5 48. Na7 Bg8 49. Rg2+ Kh4 50. Rxg8 Rb4 51. Nb5 Rxa4 52. Nxd6 Ra1 53. Nf5+ Kh3 54. Rg5 a4 55. Rxh5+ Kg2 56. Rg5+ Kh2 57. Kd2 a3 58. Rg8 a2 59. Ra8 Rg1 60. Ne3 a1=Q 61. Rxa1 Rxa1 62. Ng4+ Kg3 63. Nxe5 Kf4 64. Nd7 Ra5 65. e5 Kxf3 66. e6 Ra2+ 67. Kc3 Re2 68. Nxc5 Kf4 69. Kd4 Kf5 70. Kd5 Re5+ 71. Kd6 1-0

[Event "Croatian junior league 2021"]
[Site "Rabac"]
[Date "2021.04.10"]
[Round "10.1"]
[White "Karlusic, Luka"]
[Black "Colev, Ivor"]
[Result "0-1"]
[ECO "A85"]
[WhiteElo "2047"]
[BlackElo "1847"]
[Annotator "NA"]
[PlyCount "80"]
[EventDate "2021.04.06"]
[EventType "swiss"]
[EventCountry "CRO"]
[SourceTitle "playchess.com"]
[Source "ChessBase"]
[SourceQuality "1"]
[TimeControl "5400+30"]

1. d4 f5 2. c4 Nf6 3. Nc3 e6 4. e3 Bb4 5. Bd3 O-O 6. Nge2 b6 7. O-O Bxc3 8. Nxc3 Bb7 9. Qc2 d6 10. e4 Nc6 11. d5 Nb4 12. Qe2 Nxd3 13. Qxd3 fxe4 14. Nxe4 exd5 15. cxd5 Nxd5 16. Ng5 Nf6 17. Ne6 Qd7 18. Nxf8 Rxf8 19. f3 d5 20. Bg5 c5 21. Rfe1 d4 22. Bxf6 Rxf6 23. Rad1 Rf8 24. Qe2 Rd8 25. b3 b5 26. Qe6+ Qxe6 27. Rxe6 c4 28. Re7 Bc6 29. Rc7 Rd6 30. Kf2 c3 31. Ke2 b4 32. Kd3 Bb5+ 33. Rc4 Bxc4+ 34. bxc4 Ra6 35. c5 Rxa2 36. Kc4 c2 37. Rc1 Ra3 38. Rxc2 Rc3+ 39. Rxc3 dxc3 40. Kb3 Kf7 0-1

[Event "Croatian junior league 2021"]
[Site "Rabac"]
[Date "2021.04.10"]
[Round "10.2"]
[White "Perko, Bartol"]
[Black "Mahecic, Lovre"]
[Result "1/2-1/2"]
[ECO "A23"]
[WhiteElo "1766"]
[BlackElo "1958"]
[Annotator "NA"]
[PlyCount "113"]
[EventDate "2021.04.06"]
[EventType "swiss"]
[EventCountry "CRO"]
[SourceTitle "playchess.com"]
[Source "ChessBase"]
[SourceQuality "1"]
[TimeControl "5400+30"]

1. c4 Nf6 2. Nc3 e5 3. g3 c6 4. Bg2 d5 5. cxd5 cxd5 6. d3 Nc6 7. Bg5 Bb4 8. a3 Bxc3+ 9. bxc3 Be6 10. Nf3 h6 11. Bd2 e4 12. Ng1 Qd7 13. dxe4 dxe4 14. Be3 Qc7 15. Nh3 g5 16. O-O Qc8 17. Bd4 Nxd4 18. Qxd4 Qd8 19. Qe5 Qe7 20. Rab1 Bxh3 21. Qxe7+ Kxe7 22. Bxh3 b6 23. Bf5 Rad8 24. Rfd1 Rd6 25. Rxd6 Kxd6 26. Rd1+ Ke5 27. g4 h5 28. h3 hxg4 29. hxg4 Re8 30. e3 Re7 31. Rd4 Rc7 32. c4 Rc5 33. a4 Ra5 34. Bd7 Nxd7 35. Rxd7 f5 36. gxf5 Kxf5 37. Kg2 Rxa4 38. Kg3 Rxc4 39. Rxa7 b5 40. Rb7 Rc5 41. Rb6 Rd5 42. Kh3 Rc5 43. Kg3 Ke5 44. Kg4 Kd5 45. Kxg5 Kc4+ 46. Kf4 b4 47. Kxe4 b3 48. f4 Kc3 49. f5 Rc4+ 50. Ke5 Rb4 51. Rxb4 Kxb4 52. f6 b2 53. f7 b1=Q 54. f8=Q+ Kc3 55. Qc5+ Kd2 56. Qd4+ Ke2 57. Qc4+ 1/2-1/2

[Event "Croatian junior league 2021"]
[Site "Rabac"]
[Date "2021.04.10"]
[Round "10.3"]
[White "Novosel, Lovro"]
[Black "Poljan, Max"]
[Result "1/2-1/2"]
[ECO "E04"]
[WhiteElo "1997"]
[BlackElo "1573"]
[Annotator "NA"]
[PlyCount "56"]
[EventDate "2021.04.06"]
[EventType "swiss"]
[EventCountry "CRO"]
[SourceTitle "playchess.com"]
[Source "ChessBase"]
[SourceQuality "1"]
[TimeControl "5400+30"]

1. Nf3 d5 2. c4 e6 3. g3 Nf6 4. d4 dxc4 5. Bg2 Bb4+ 6. Bd2 a5 7. Qc2 b5 8. a4 c6 9. axb5 Bxd2+ 10. Qxd2 cxb5 11. Qg5 b4 12. Qxg7 Rg8 13. Qh6 Bb7 14. O-O Nbd7 15. Rc1 Rc8 16. Nbd2 Bd5 17. Re1 c3 18. bxc3 bxc3 19. Nb1 Qb6 20. Qc1 Ne4 21. e3 Qb7 22. Nh4 Qb2 23. Rxa5 Qxf2+ 24. Kh1 Nxg3+ 25. hxg3 Bxg2+ 26. Nxg2 Rxg3 27. Nf4 Qf3+ 28. Kh2 Qf2+ 1/2-1/2

[Event "Croatian junior league 2021"]
[Site "Rabac"]
[Date "2021.04.10"]
[Round "10.4"]
[White "Hergotic, Mihael"]
[Black "Moric, Ivan"]
[Result "1-0"]
[ECO "B23"]
[WhiteElo "1476"]
[BlackElo "1907"]
[Annotator "NA"]
[PlyCount "71"]
[EventDate "2021.04.06"]
[EventType "swiss"]
[EventCountry "CRO"]
[SourceTitle "playchess.com"]
[Source "ChessBase"]
[SourceQuality "1"]
[TimeControl "5400+30"]

1. e4 c5 2. Nc3 d6 3. f4 Nf6 4. Nf3 a6 5. e5 dxe5 6. fxe5 Nd5 7. a4 e6 8. Bc4 Be7 9. O-O O-O 10. d3 Nc6 11. Qe2 b6 12. Qe4 Ncb4 13. Rf2 Bb7 14. Qg4 Kh8 15. Ne4 Nc6 16. Ng3 Qc7 17. Nh5 Rg8 18. Qe4 Na5 19. Bg5 Raf8 20. Qg4 f6 21. Qxe6 fxg5 22. Bxd5 Bc8 23. Qxg8+ Rxg8 24. Raf1 Rf8 25. Nxg5 Rxf2 26. Rxf2 h6 27. Nf7+ Kh7 28. Be4+ g6 29. Rf6 Bf5 30. Bxf5 gxf5 31. Rxh6+ Kg8 32. e6 Bf6 33. Nxf6+ Kf8 34. Rh8+ Kg7 35. Nh5+ Kg6 36. Rh6# 1-0

[Event "Croatian junior league 2021"]
[Site "Rabac"]
[Date "2021.04.10"]
[Round "10.7"]
[White "Juric, Ester"]
[Black "Mijic, Karlo"]
[Result "0-1"]
[ECO "E46"]
[WhiteElo "1587"]
[BlackElo "1599"]
[Annotator "NA RC"]
[PlyCount "120"]
[EventDate "2021.04.06"]
[EventType "swiss"]
[EventCountry "CRO"]
[SourceTitle "playchess.com"]
[Source "ChessBase"]
[SourceQuality "1"]
[TimeControl "5400+30"]

1. d4 Nf6 2. c4 e6 3. Nc3 Bb4 4. Bd2 O-O 5. e3 d5 6. Bd3 b6 7. Nf3 Ba6 8. Qe2 Be7 9. cxd5 Bxd3 10. Qxd3 Nxd5 11. Nxd5 Qxd5 12. O-O c5 13. Qe2 Nd7 14. dxc5 Nxc5 15. Rfd1 Qb7 16. Rac1 Rfd8 17. Bc3 Ne4 18. Bd4 Bc5 19. Bxc5 Nxc5 20. Nd4 e5 21. Nf5 e4 22. Qg4 g6 23. b3 Kh8 24. Nd4 Rac8 25. h3 Nd3 26. Rxc8 Rxc8 27. Qg5 Rc5 28. Qf6+ Kg8 29. a3 Qc7 30. a4 Rc1 31. Rxc1 Qxc1+ 32. Kh2 Qc7+ 33. Kg1 Qe5 34. Qxe5 Nxe5 35. Kf1 Kf8 36. Ke2 Ke7 37. Kd2 a6 38. Kc3 Kd6 39. f3 exf3 40. gxf3 f5 41. b4 Kd5 42. h4 h5 43. f4 Ng4 44. Kd3 Nf2+ 45. Ke2 Ne4 46. Kd3 Nd6 47. b5 axb5 48. axb5 Kc5 49. Nf3 Kxb5 50. Ne5 Ka4 51. Nxg6 b5 52. Ne5 b4 53. Nf3 Ka3 54. Nd2 b3 55. Nxb3 Kxb3 56. Kd4 Ne4 57. Ke5 Ng3 58. e4 fxe4 59. f5 e3 60. f6 e2 0-1

[Event "Croatian junior league 2021"]
[Site "Rabac"]
[Date "2021.04.10"]
[Round "10.11"]
[White "Purini, Bruno"]
[Black "Sagovac, Kristijan"]
[Result "1-0"]
[ECO "A37"]
[WhiteElo "1987"]
[BlackElo "1920"]
[Annotator "NA"]
[PlyCount "91"]
[EventDate "2021.04.06"]
[EventType "swiss"]
[EventCountry "CRO"]
[SourceTitle "playchess.com"]
[Source "ChessBase"]
[SourceQuality "1"]
[TimeControl "5400+30"]

1. e4 c5 2. Nf3 Nc6 3. g3 g6 4. Bg2 Bg7 5. O-O e6 6. c3 Nge7 7. d4 cxd4 8. cxd4 d5 9. exd5 Nxd5 10. Nc3 O-O 11. a3 Bd7 12. Nxd5 exd5 13. Be3 Qb6 14. b4 Bg4 15. Qd2 Bxf3 16. Bxf3 Bxd4 17. Bxd4 Nxd4 18. Bxd5 Rad8 19. Qa2 Qb5 20. Bg2 b6 21. Rfe1 Rc8 22. Re7 Qf5 23. Qd5 Qf6 24. Qe5 Qxe5 25. Rxe5 Nc2 26. Ra2 Rc3 27. Re7 Nxa3 28. Rxa7 Nb5 29. Rb7 Rd8 30. Bf1 Rc1 31. Kg2 Nc3 32. Raa7 Ne4 33. Rxf7 Rd2 34. Rg7+ Kh8 35. Rxh7+ Kg8 36. Rag7+ Kf8 37. Rf7+ Kg8 38. Rhg7+ Kh8 39. Rxg6 Rcc2 40. Rxb6 Kg8 41. Rf4 Nxf2 42. Bc4+ Rxc4 43. Rxc4 Ng4+ 44. Kh3 Nxh2 45. Rc8+ Kf7 46. Rc7+ 1-0